 Dungeon Crawl Stone Soup version 0.23.2-33-g5129a83184 (webtiles) character file.

Game seed: 17938787364499323779

115 FishyPogo the Poker (level 5, -4/40 HPs)
             Began as a Merfolk Skald on Aug 3, 2019.
             Slain by a worm (9 damage)
             ... on level 3 of the Dungeon.
             The game lasted 00:18:39 (2359 turns).

FishyPogo the Poker (Merfolk Skald)                 Turns: 2359, Time: 00:18:40

Health: -4/40      AC:  5    Str: 12    XL:     5   Next: 0%
Magic:  2/8        EV: 17    Int: 12    God:
Gold:   97         SH:  0    Dex: 14    Spells: 7/8 levels left

rFire    . . .     SeeInvis .   a - +0 trident
rCold    + . .     Gourm    .   (no shield)
rNeg     . . .     Faith    .   b - +0 leather armour
rPois    .         Spirit   .   (no helmet)
rElec    .         Reflect  .   (no cloak)
rCorr    .         Harm     .   l - +1 pair of gloves
MR       .....                  (boots currently unavailable)
Stlth    ++........             (no amulet)
HPRegen  0.13/turn              p - ring of protection from cold
MPRegen  0.11/turn              (no ring)

@: lethally poisoned (-4 -> -10), infused (expiring), very quick
A: change form in water, swift swim, stealthy swim
a: no special abilities


You were on level 3 of the Dungeon.
You were not hungry.

You visited 1 branch of the dungeon, and saw 3 of its levels.

You collected 97 gold pieces.

Inventory:

Hand Weapons
 a - a +0 trident (weapon)
 q - a +0 spear
Missiles
 i - 83 stones (quivered)
Armour
 b - a +0 leather armour (worn)
 l - a +1 pair of gloves (worn)
Jewellery
 o - an uncursed amulet of faith
 p - a ring of protection from cold (left hand)
Scrolls
 f - a scroll of immolation
Potions
 h - 2 potions of mutation {unknown}
Comestibles
 d - 5 rations
 j - a chunk of flesh


   Skills:
 + Level 2.8 Fighting
 * Level 4.2 Polearms
 - Level 1.0 Armour
 * Level 4.1 Dodging
 + Level 2.4 Spellcasting
 * Level 4.0 Charms


You had 7 spell levels left.
You knew the following spells:

 Your Spells              Type           Power        Failure   Level  Hunger
a - Infusion              Chrm           ##..         6%          1    ##.....

Your spell library contained the following spells:

 Spells                   Type           Power        Failure   Level  Hunger
 Song of Slaying          Chrm           ##......     10%         2    ###....
 Shroud of Golubria       Chrm/Tloc      #.........   22%         2    ###....
 Regeneration             Chrm/Necr      #.........   41%         3    ####...
 Spectral Weapon          Hex/Chrm       #.......     41%         3    ####...


Dungeon Overview and Level Annotations

Branches:
Dungeon (3/15)

Altars:


Message History

You feel sick. The adder misses you.
You hit the adder.
Your tail-slap misses the adder.
The adder is severely wounded.
The adder barely misses you. The adder misses you. The worm misses you.
You closely miss the adder.
The adder is severely wounded.
Your magical infusion is running out.
The adder closely misses you.
You barely miss the adder.
The adder is severely wounded.
You hear the rusting of a drain.
The adder bites you.
* * * LOW HITPOINT WARNING * * *
You are lethally poisoned!
The adder poisons you! The worm misses you. The adder misses you.
You closely miss the adder.
The adder is severely wounded.
* * * LOW HITPOINT WARNING * * *
You feel sick. The adder misses you. The worm bites you!
You die...

##### ####...# #≈≈....#
#≈≈≈...#######
##≈#######≈#....##.....
#≈≈≈≈S@ww#≈≈≈..†w......
########≈#≈#≈...##.#.##
#≈≈≈≈≈#≈≈≈≈..##.#.##
≈≈≈≈#≈#≈#≈#≈......#÷##
## #≈#w#≈#≈........## ≈
#≈≈≈#....###.... ##
#####....# #.... #.#..#
###.. ..# ##.#


You could see 2 worms and an adder.

Vanquished Creatures
  4 adders
  A river rat (D:3)
  2 oozes
  3 worms
  2 dart slugs
  A leopard gecko (D:1)
  6 bats
  9 goblins
  5 hobgoblins
  5 kobolds
  A quokka (D:2)
  5 frilled lizards
  11 rats
55 creatures vanquished.

Notes
Turn   | Place    | Note
-------+----------+-------------------------------------------
     0 | D:1      | FishyPogo the Merfolk Skald began the quest for the Orb.
     0 | D:1      | Reached XP level 1. HP: 16/16 MP: 3/3
   335 | D:1      | Reached XP level 2. HP: 21/22 MP: 5/5
   649 | D:1      | Reached XP level 3. HP: 23/28 MP: 6/6
   816 | D:1      | Reached skill level 1 in Armour
  1648 | D:2      | Reached XP level 4. HP: 27/34 MP: 7/7
  2346 | D:3      | Reached XP level 5. HP: 10/40 MP: 2/8
  2359 | D:3      | Slain by a worm

Skill      XL: |  1  2  3  4 |
---------------+-------------+-----
Dodging        | 3 4 |  4.1
Armour         | 1 |  1.0
Polearms       | 4 |  4.2
Charms         | 4 |  4.0
Fighting       | |  2.8
Spellcasting   | |  2.4

Action                   |  1- 3 |  4- 6 || total
-------------------------+-------+-------++-------
Melee: Spear             |   202 |    33 ||   235
       Trident           |       |    48 ||    48
       Tailslap          |       |     2 ||     2
Throw: Stone             |    13 |     3 ||    16
 Cast: Infusion          |     2 |     2 ||     4
  Use: Scroll            |       |     5 ||     5
 Stab: Sleeping          |     2 |     2 ||     4
  Eat: Chunk             |     3 |     2 ||     5
Armor: Leather armour    |    37 |    10 ||    47
       Skin              |       |     2 ||     2
Dodge: Dodged            |    99 |    55 ||   154
